 Dungeon Crawl Stone Soup version 0.31-a0-1163-gcee99d1eea (webtiles) character file.

Game seed: 8042712086305028768

288 TET the Covered (level 6, -3/39 HPs)
             Began as a Gargoyle Fighter on Dec 9, 2023.
             Slain by an iguana (6 damage)
             ... on level 4 of the Dungeon.
             The game lasted 00:03:30 (2391 turns).

TET the Covered (Gargoyle Fighter)                  Turns: 2391, Time: 00:03:30

Health: -3/39      AC: 11    Str: 21    XL:     6   Next: 31%
Magic:  15/15      EV:  9    Int:  9    God:
Gold:   127        SH:  0    Dex:  9    Spells: 5/5 levels left

rFire   . . .        a - +0 flail
rCold   . . .        c - +0 buckler
rNeg    + . .        b - +0 scale mail
rPois   ∞            (no helmet)
rElec   +            (no cloak)
rCorr   .            (no gloves)
SInv    .            (no boots)
Will    .....        (no amulet) Stlth
                     j - ring of magical power
HPRegen 0.26/turn    (no ring)
MPRegen 0.14/turn

%: no passive effects
@: confused, attractive
A: sickness immunity, AC +4, negative energy resistance 1, electricity
resistance, torment resistance 1, petrification resistance, talons 1
a: no special abilities


You were on level 4 of the Dungeon.
You visited 1 branch of the dungeon, and saw 4 of its levels.

You collected 127 gold pieces.

Inventory:

Hand Weapons
 a - a +0 flail (weapon)
Armour
 b - a +0 scale mail (worn)
 c - a +0 buckler (worn)
Jewellery
 j - a ring of magical power (left hand)
Scrolls
 k - a scroll of noise


   Skills:
 + Level 4.7 Fighting
 + Level 3.6 Maces & Flails
 + Level 4.7 Armour
 + Level 4.7 Shields


You had 5 spell levels left.
You didn't know any spells.
Your spell library contained the following spells:

 Spells                   Type           Power      Damage    Failure   Level
 Kiss of Death            Conj/Necr      0%         2d5       78%         1
 Confusing Touch          Hex            0%         N/A       98%         3
 Dispel Undead            Necr           0%         3d6       100%        4


Dungeon Overview and Level Annotations

Branches:
Dungeon (4/15)
 Temple: D:4-7

Altars:
Sif Muna
Trog


Innate Abilities, Weirdness & Mutations

You are immune to sickness and miasma.
Your stone body is resilient. (AC +4)
You are immune to poison.
You resist negative energy. (rN+)
You are resistant to electric shocks. (rElec)
You are resistant to unholy torment.
You are immune to petrification.
You have sharp toenails.


Message History

The orc hits you but does no damage. The iguana closely misses you.
The orc hits you but does no damage.
You hear a shout!
You closely miss the kobold.
You hear a shout!
The orc hits you but does no damage. The kobold barely misses you.
The iguana completely misses you.
The orc hits you with a +1 flail of protection.
You hear some strange, mumbled words.
You are more confused.
The orc hits you but does no damage.
You miss the iguana. Your kick misses the iguana.
The iguana is heavily wounded.
The orc hits you with a +0 club. The kobold barely misses you.
The iguana bites you but does no damage.
The orc barely misses you. Something hits you but does no damage.
The orc hits you but does no damage.
You miss the kobold. The orc hits you but does no damage.
The kobold hits you but does no damage. The orc barely misses you.
Something hits you but does no damage. The orc barely misses you.
Unknown command.
You barely miss the orc. Your kick misses the orc.
The orc hits you but does no damage.
The kobold hits you with a +0 dagger of draining.
The iguana barely misses you.
You hear some strange, mumbled words.
Something tries to affect you, but you resist.
The orc closely misses you. The iguana bites you.
* * * LOW HITPOINT WARNING * * *
The orc hits you but does no damage. x2; Something hits you but does no damage.
The orc hits you but does no damage.
The iguana bites you but does no damage.
The kobold hits you but does no damage. The orc hits you but does no damage.
The iguana bites you!
* * * LOW HITPOINT WARNING * * *
You closely miss the orc. Your kick misses the orc.
The orc hits you but does no damage. The kobold hits you but does no damage.
The iguana bites you but does no damage.
The iguana bites you.
You die...

## ..........###
..##.......#...#
...............
#..o........#.
#............#
#............#
#..§§§§§......
#.§{o§§......
#.§o@l§......
#§.olK§......
#§§§§§§......
#..!..>......
#.....l......
######.....#.
.###.. ## ..


You could see 2 iguanas, 3 orcs and a kobold.

Vanquished Creatures
  A black bear (D:3)
  Terence (D:3)
  2 orc wizards (D:3)
  Robin (D:3)
  3 adders
  A worm (D:2)
  3 dart slugs
  7 orcs (D:3)
  2 endoplasms
  A giant cockroach (D:3)
  13 goblins
  7 hobgoblins
  6 kobolds
  4 quokkas
  2 ball pythons (D:3)
  7 bats
  4 frilled lizards
  5 rats
70 creatures vanquished.

Notes
Turn   | Place    | Note
-------+----------+-------------------------------------------
     0 | D:1      | TET the Gargoyle Fighter began the quest for the Orb.
     0 | D:1      | Reached XP level 1. HP: 14/14 MP: 1/1
   134 | D:1      | Reached XP level 2. HP: 17/19 MP: 2/2
   635 | D:2      | Reached XP level 3. HP: 19/23 MP: 3/3
   738 | D:2      | Found a faded altar of an unknown god.
  1024 | D:2      | Reached XP level 4. HP: 28/29 MP: 4/4
  1359 | D:3      | Noticed a black bear
  1366 | D:3      | Killed a black bear
  1367 | D:3      | Reached XP level 5. HP: 24/33 MP: 5/5
  1638 | D:3      | Noticed Terence
  1641 | D:3      | Found a shimmering blue altar of Sif Muna.
  1661 | D:3      | Killed Terence
  1813 | D:3      | Found a bloodstained altar of Trog.
  1930 | D:3      | Identified the +6 ring mail of Muitsama {rC+ rCorr Dex+3}
  2003 | D:3      | Noticed Robin
  2007 | D:3      | Gained mutation: You passively dampen the noise of your
                  | surroundings. [potion of mutation]
  2007 | D:3      | Lost mutation: You passively dampen the noise of your
                  | surroundings. [potion of mutation]
  2007 | D:3      | Gained mutation: You have sharp toenails. [potion of
                  | mutation]
  2012 | D:3      | Reached XP level 6. HP: 39/39 MP: 6/6
  2059 | D:3      | Killed Robin
  2391 | D:4      | Slain by an iguana

Illustrated notes

Levels and vault maps discovered:
D:1:      zelgadis_glass_arrival_small, layout_loops_ring
D:2:      layout_loops_ring, shapermc_ecumenical_altar_totnotflames
D:3:      layout_basic, mainiacjoe_overflow_boulevard,
          nicolae_sif_muna_condensation, uniq_terence, uniq_robin
D:4:      layout_rooms, serial_shops, nicolae_book_shop_shelving

Skill      XL: |  1  2  3  4 |
---------------+-------------+-----
Fighting       | 4 |  4.7
Maces & Flails | 3 |  3.6
Armour         | 4 |  4.7
Shields        | 4 |  4.7

Action                     |  1- 3 |  4- 6 || total
---------------------------+-------+-------++-------
  Melee: Flail             |   100 |   136 ||   236
         Kick              |       |    14 ||    14
    Use: Potion            |       |     6 ||     6
         Scroll            |       |     4 ||     4
 Armour: Scale mail        |    72 |   156 ||   228
  Dodge: Dodged            |    53 |    73 ||   126
  Block: Buckler           |    13 |    35 ||    48

Table legend: (Time is in decaauts)
 A = Elapsed time spent in this place.
 B = Non-inter-level travel time spent in this place.
 C = Inter-level travel time spent in this place.
 D = Time resting spent in this place.
 E = Time spent auto-exploring this place.
 F = Levels seen in this place.
 G = Mean time per level.
                   A        B        C        D        E       F      G
               +--------+--------+--------+--------+--------+-----+--------+
         Total |   2459 |   2386 |     73 |      0 |   1879 |   4 |  614.8 |
       Dungeon |   2459 |   2386 |     73 |      0 |   1879 |   4 |  614.8 |
               +--------+--------+--------+--------+--------+-----+--------+

Top non-repeatable levels by time:
     D:3: 1062 daAuts
     D:2: 731 daAuts
     D:1: 642 daAuts
     D:4: 23 daAuts
